 Dungeon Crawl Stone Soup version 0.29-a0-330-g52719c12eb (webtiles) character file.

Game seed: 6862252748247833404

22 ketsa the Magician (level 3, 27/27 HPs)
             Began as a Djinni Conjurer on May 30, 2022.
             Was a Follower of Wu Jian.
             Got out of the dungeon alive.
             The game lasted 00:02:27 (1330 turns).

ketsa the Magician (Djinni Conjurer)                Turns: 1330, Time: 00:02:27

Health: 27/27      AC:  2    Str:  6    XL:     3   Next: 7%
Gold:   72         EV: 12    Int: 21    God:    Wu Jian [*.....] SH:  0 Dex: 11

rFire   + + .      SeeInvis .   (no weapon)
rCold   x . .      Faith    .   (no shield)
rNeg    + . .      Spirit   .   a - +0 robe
rPois   ∞          Reflect  .   (no helmet)
rElec   .          Harm     .   (no cloak)
rCorr   .          Rampage  .   (no gloves)
Will    .....                   (boots unavailable)
Stlth   ++........              (no amulet)
HPRegen 0.09/turn               d - ring of positive energy
MPRegen 0.00/turn               (no ring)

@: flying
A: sickness immunity, fire resistance 2, cold vulnerability 1, float, innate
caster, HP casting, extra vitality 1
a: Renounce Religion


You escaped.
You worshipped Wu Jian.
Wu Jian was aware of your devotion.
You visited 1 branch of the dungeon, and saw 2 of its levels.

You collected 72 gold pieces.

Inventory:

Armour
 a - a +0 robe (worn)
Jewellery
 d - a ring of positive energy (left hand)
Scrolls
 b - 2 scrolls of vulnerability {unknown}
Potions
 c - a potion of attraction {unknown}
 e - a potion of curing {unknown}


   Skills:
 + Level 1.5 Fighting
 - Level 2.1 Dodging
 - Level 1.5 Stealth
 + Level 3.5 Spellcasting


You couldn't memorise any spells.
You knew the following spells:

 Your Spells              Type           Power      Damage    Failure   Level
a - Magic Dart            Conj           72%        1d6       3%          1
b - Searing Ray           Conj           36%        2d5       4%          2
c - Dazzling Flash        Conj/Hex       36%        N/A       9%          3
d - Fulminant Prism       Conj/Hex       9%         3d7       28%         4
e - Iskenderun's Mystic   Conj/Tloc      18%        2d6       28%         4
f - Sting                 Tmut/Pois      72%        1d6       3%          1
Your spell library was empty.

Dungeon Overview and Level Annotations

Branches:
Dungeon (2/15)

Altars:
Wu Jian

Shops:
D:1 *


Innate Abilities, Weirdness & Mutations

You are immune to sickness and miasma.
You are immune to poison.
Your flesh is very heat resistant. (rF++)
You are vulnerable to cold. (rC-)
You float through the air rather than walking.
You learn spells naturally, not from books.
Your magical power is your life essence.
You have superior vitality. (+4 MHP)


Message History

Found a book of Flames.
Found 11 stones.
e - a pink potion You see here 11 stones.
You now have 72 gold pieces (gained 8).
You reach down and open the door.
Found Ocesuuh's General Store.
There is an open door here.
There is an entrance to Ocesuuh's General Store here.
You reach down and open the door.
There is an open door here.
There is an open door here.
There is an open door here.
Found a hunting sling.
Found a stone staircase leading down.
You see here a +0 hunting sling.
There is a stone staircase leading down here.
You see here a +0 club.
There is an ornate altar of the Wu Jian Council here.
Done exploring.
Done exploring.
There is a stone staircase leading down here.
You fly downwards.
The goblin shouts!
There is a stone staircase leading up here.
The magic dart hits the goblin.
You kill the goblin!
The Council accepts your kill.
You can't see any susceptible monsters within range! (Use Z to cast anyway.)
You can't see any susceptible monsters within range! (Use Z to cast anyway.) Unknown command.
You fly upwards.
There is a stone staircase leading down here.
HP restored.
There is an open door here.
There is an open door here.
There is an open door here.
There is a staircase leading out of the dungeon here.
Are you sure you want to leave the Dungeon?
This will make you lose the game!
You have escaped!

#.##.# #.##.####
############........
#............#######
############## ##.# ##.# ##..#
##..# # ##...###...# ##
########### ##..@.##....# ##.
..........# #.....'.....# ##..
#########.#######+#####'# ##...
#...# ##.# ##.# ##...#
############# ##..# ##..# ##...##
.....".########...###...###...##
######......##....##..⌠.##...####
########.....'.....'........
#####################


There were no monsters in sight!

Vanquished Creatures
  2 dart slugs (D:1)
  A bat (D:1)
  2 endoplasms (D:1)
  3 goblins
  3 hobgoblins (D:1)
  2 jackals (D:1)
  2 ball pythons (D:1)
15 creatures vanquished.

Vanquished Creatures (others)
  2 fungi (D:1)
  A plant (D:1)
3 creatures vanquished.

Grand Total: 18 creatures vanquished

Notes
Turn   | Place    | Note
-------+----------+-------------------------------------------
     0 | D:1      | ketsa the Djinni Conjurer began the quest for the Orb.
     0 | D:1      | Reached XP level 1. HP: 15/15 MP: 0/0
   240 | D:1      | Reached XP level 2. HP: 18/22 MP: 0/0
   394 | D:1      | Reached skill level 1 in Fighting
   399 | D:1      | Found a faded altar of an unknown god.
   540 | D:1      | Prayed at the altar of an unknown god.
   540 | D:1      | Became a worshipper of the Wu Jian Council
   540 | D:1      | Reached * piety under Wu Jian
   937 | D:1      | Reached XP level 3. HP: 24/27 MP: 0/0
   937 | D:1      | Learned a level 1 spell: Sting
  1114 | D:1      | Found Ocesuuh's General Store.
  1330 | D:$      | Got out of the dungeon alive.

Illustrated notes

Levels and vault maps discovered:
D:1:      dpeg_arrival_triangle_fractal, layout_loops_ring, serial_shops,
          nicolae_shop_behind_doors, dreamdust_ecumenical_altar_grove,
          hangedman_decor_diamond_cutter, minmay_misc_feat_room
D:2:      layout_basic, minivault_26

Skill      XL: |  1  2 |
---------------+-------+-----
Fighting       | 1 |  1.5
Dodging        | |  2.1
Stealth        | |  1.5
Spellcasting   | |  3.5

Action                   || total
-------------------------++-------
Melee: Unarmed           ||     3
 Cast: Magic Dart        ||    31
Dodge: Dodged            ||     1

Table legend: (Time is in decaauts)
 A = Elapsed time spent in this place.
 B = Non-inter-level travel time spent in this place.
 C = Inter-level travel time spent in this place.
 D = Time resting spent in this place.
 E = Time spent auto-exploring this place.
 F = Levels seen in this place.
 G = Mean time per level.
                   A        B        C        D        E       F      G
               +--------+--------+--------+--------+--------+-----+--------+
         Total |   1329 |   1261 |     68 |    105 |   1048 |   2 |  664.5 |
       Dungeon |   1329 |   1261 |     68 |    105 |   1048 |   2 |  664.5 |
               +--------+--------+--------+--------+--------+-----+--------+

Top non-repeatable levels by time:
     D:1: 1327 daAuts
     D:2: 2 daAuts
